 Dungeon Crawl Stone Soup version 0.30-a0-860-g512cf1e979 (webtiles) character file.

Game seed: 19874923668742809

527 zenocrate the Insei (level 7, -2/64 HPs)
             Began as an Octopode Transmuter on Mar 7, 2023.
             Slain by an orc
             ... wielding a +2 mace of distortion
              (10 damage)
             ... on level 5 of the Dungeon.
             The game lasted 00:04:32 (3605 turns).

zenocrate the Insei (Octopode Transmuter)           Turns: 3605, Time: 00:04:32

Health: -2/64      AC: 23    Str: 10    XL:     7   Next: 23%
Magic:  3/10       EV:  2    Int: 17    God:
Gold:   132        SH:  0    Dex: 12    Spells: 3/10 levels left

rFire   . . .      SeeInvis .      - Unarmed
rCold   . . .      Faith    .    (no shield)
rNeg    . . .      Spirit   .    (helmet currently unavailable)
rPois   +          Reflect  .    (no amulet)
rElec   .          Rampage  .    (no ring)
rCorr   .          NoTele   +    (no ring)
Will    .....                    (no ring)
Stlth   ++                       (no ring)
HPRegen 0.30/turn                (no ring)
MPRegen 0.12/turn                (no ring)
                                 (no ring)
                                 (no ring)

@: tree-form, wereblooded
A: stationary, stasis, torment immunity, boosted hp, almost no armour,
(amphibious), 8 rings, (camouflage 1), (gelatinous body 1), (nimble swimmer 1),
(tentacles)
a: no special abilities


You were on level 5 of the Dungeon.
You were a tree.
You visited 1 branch of the dungeon, and saw 5 of its levels.

You collected 132 gold pieces.

Inventory:

Armour
 b - a +3 kite shield
Wands
 m - a wand of polymorph (8)
Scrolls
 a - 2 scrolls of teleportation
 c - a scroll of torment {unknown}
 d - 2 scrolls of enchant armour
 g - a scroll of magic mapping {unknown}
 i - 2 scrolls of enchant weapon {unknown}
 k - 2 scrolls of immolation
 o - 2 scrolls of fog {unknown}
 r - a scroll of noise {unknown}
 s - 2 scrolls of amnesia
 t - 2 scrolls of brand weapon {unknown}
 u - 2 scrolls of vulnerability {unknown}
Potions
 e - 2 potions of haste
 f - a potion of ambrosia
 h - a potion of brilliance
 j - a potion of attraction
 n - 2 potions of magic {unknown}
 p - a potion of mutation {unknown}
 q - a potion of curing {unknown}
 v - a potion of berserk rage {unknown}


   Skills:
 - Level 1.0 Fighting
 - Level 2.0 Dodging
 - Level 1.8 Stealth
 + Level 5.4 Unarmed Combat
 - Level 2.0 Spellcasting
 + Level 4.9 Transmutations
 + Level 3.0 Ice Magic


You had 3 spell levels left.
You knew the following spells:

 Your Spells              Type           Power      Damage    Failure   Level
a - Beastly Appendage     Tmut           36%        N/A       2%          1
b - Wereblood             Tmut           18%        N/A       3%          2
c - Ice Form              Ice/Tmut       15%        N/A       36%         4

Your spell library contained the following spells:

 Spells                   Type           Power      Damage    Failure   Level
 Magic Dart               Conj           4%         1d3       19%         1
 Shock                    Conj/Air       4%         1d3       19%         1
 Summon Small Mammal      Summ           4%         N/A       19%         1
 Spider Form              Tmut/Pois      10%        N/A       22%         3
 Call Imp                 Summ           1%         N/A       28%         2
 Searing Ray              Conj           2%         2d4       28%         2
 Call Canine Familiar     Summ           1%         N/A       50%         3
 Mephitic Cloud           Conj/Pois/Air  1%         N/A       50%         3
 Summon Guardian Golem    Hex/Summ       1%         N/A       50%         3
 Swiftness                Air            1%         N/A       50%         3
 Airstrike                Air            0%         2d(1-17)  88%         4
 Fulminant Prism          Conj/Hex       0%         3d5       88%         4


Dungeon Overview and Level Annotations

Branches:
Dungeon (5/15)
 Temple: D:4-7

Altars:


Innate Abilities, Weirdness & Mutations

You are a tree.
Your roots penetrate the ground, keeping you stationary.
You cannot be teleported.
You are immune to unholy pain and torment.
Your maximum health is greatly increased.
You cannot wear most types of armour.
((You are amphibious.))
You can wear up to eight rings at the same time.
((Your skin changes colour to match your surroundings (Stealth+).))
((Your rubbery body absorbs attacks. (AC +1, EV +1)))
((You are camouflaged when in or above water. (Stealth+)))
((You have tentacles for arms and can constrict up to eight enemies at once.))


Message History

You kill the adder!
A sleepcap comes into view.
You punch the orc! You freeze the orc.
You feel a bit better.
You kill the orc!
You barely miss the orc.
The orc hits you with a +2 mace of distortion.
Something hits you.
You barely miss the orc.
The orc hits you with a +2 mace of distortion.
You blink.
You warm up again.
Something hits you.
The orc throws a boomerang.
The boomerang hits you.
Unknown command.
Casting: Wereblood (safe; 3% risk of failure)
Confirm with . or Enter, or press ? or * to list all spells.
One of your tentacles grows a vicious spike.
The sleepcap closely misses you.
The orc throws a boomerang.
The boomerang hits you.
You hear some strange, mumbled words.
A puff of flame appears from out of thin air!
The puff of flame hits you.
* * * LOW HITPOINT WARNING * * *
Really quaff the potion of lignification?
Your tentacle spike disappears.
You turn into a tree.
Your roots penetrate the ground.
The sleepcap releases spores at you but does no damage.
Something hits you but does no damage.
You smack the sleepcap!
The sleepcap is heavily damaged.
The sleepcap releases spores at you but does no damage.
The orc hits you with a +2 mace of distortion!
* * * LOW HITPOINT WARNING * * *
Something hits you but does no damage.
Unknown command.
You hit the sleepcap.
The sleepcap is heavily damaged.
The sleepcap releases spores at you but does no damage.
The orc hits you but does no damage. Space warps horribly around you!
You die...

....##...### ....#
....#....########.....
#........##.##......
##..............#.# .
##......)...)....###
...#....###..........## #
........##...<........#..
..#...........).f........
. #........#...o♣.......
#......####...{...#...
###..### ##......## #...#
#.....### ##.## ##....#
### ###.## ###


You could see a sleepcap and an orc.

Vanquished Creatures
  A black bear (D:5)
  2 scorpions
  A howler monkey (D:4)
  A hound (D:4)
  Jessica (D:3)
  Terence (D:2)
  2 orc wizards
  4 gnolls (D:2)
  2 adders
  2 worms
  4 dart slugs
  11 orcs
  7 bats
  9 endoplasms
  6 giant cockroaches
  7 goblins
  4 hobgoblins
  4 quokkas
  2 ball pythons
  5 frilled lizards (D:1)
  6 kobolds
  7 rats
89 creatures vanquished.

Notes
Turn   | Place    | Note
-------+----------+-------------------------------------------
     0 | D:1      | zenocrate the Octopode Transmuter began the quest for the
                  | Orb.
     0 | D:1      | Reached XP level 1. HP: 13/13 MP: 3/3
    22 | D:1      | You fall into a shaft and drop 1 floor!
   148 | D:1      | Reached skill level 1 in Stealth
   152 | D:1      | Reached XP level 2. HP: 14/18 MP: 3/5
   364 | D:1      | Learned a level 2 spell: Wereblood
   369 | D:1      | Reached XP level 3. HP: 18/23 MP: 2/6
  1047 | D:2      | Noticed Terence
  1069 | D:2      | Killed Terence
  1070 | D:2      | Reached XP level 4. HP: 28/28 MP: 4/7
  1307 | D:2      | Reached skill level 4 in Unarmed Combat
  1814 | D:3      | Reached XP level 5. HP: 33/33 MP: 5/8
  1819 | D:3      | Learned a level 4 spell: Ice Form
  1945 | D:3      | Noticed Jessica
  1950 | D:3      | Killed Jessica
  2212 | D:3      | Reached skill level 1 in Ice Magic
  2571 | D:4      | Reached XP level 6. HP: 25/38 MP: 6/9
  2905 | D:4      | Reached skill level 5 in Unarmed Combat
  3311 | D:5      | Entered Level 5 of the Dungeon
  3311 | D:5      | Noticed an ice beast
  3316 | D:5      | Noticed an ice beast
  3561 | D:5      | Noticed a black bear
  3570 | D:5      | Killed a black bear
  3571 | D:5      | Reached XP level 7. HP: 25/43 MP: 1/10
  3605 | D:5      | Slain by an orc

Illustrated notes

Levels and vault maps discovered:
D:1:      grunt_arrival_crossed_arrows, layout_basic
D:2:      layout_loops_ring, uniq_terence
D:3:      minmay_wonky_spiral, layout_basic, uniq_jessica
D:4:      layout_loops_ring
D:5:      layout_cave_pools, mainiacjoe_overflow_paths

Skill      XL: |  1  2  3  4  5  6  7 |
---------------+----------------------+-----
Stealth        | 1 |  1.8
Transmutations | 3 4 |  4.9
Unarmed Combat | 4 5 |  5.4
Ice Magic      | 1 2 3 |  3.0
Fighting       | |  1.0
Dodging        | |  2.0
Spellcasting   | |  2.0

Action                     |  1- 3 |  4- 6 |  7- 9 || total
---------------------------+-------+-------+-------++-------
  Melee: Unarmed           |    85 |   111 |     8 ||   204
         Tentacles         |    20 |    22 |       ||    42
         Kick              |    20 |    24 |       ||    44
         Constrict         |    18 |    25 |       ||    43
         Punch             |     3 |     3 |       ||     6
   Cast: Beastly Appendage |    15 |    22 |     1 ||    38
         Wereblood         |     7 |    22 |     1 ||    30
         Ice Form          |       |     1 |       ||     1
    Use: Scroll            |       |     8 |       ||     8
         Potion            |       |     1 |     1 ||     2
   Stab: Sleeping          |     7 |     6 |       ||    13
         Confused          |     1 |       |       ||     1
 Armour: Skin              |    13 |    13 |     7 ||    33
  Dodge: Dodged            |    53 |    55 |     3 ||   111

Table legend: (Time is in decaauts)
 A = Elapsed time spent in this place.
 B = Non-inter-level travel time spent in this place.
 C = Inter-level travel time spent in this place.
 D = Time resting spent in this place.
 E = Time spent auto-exploring this place.
 F = Levels seen in this place.
 G = Mean time per level.
                   A        B        C        D        E       F      G
               +--------+--------+--------+--------+--------+-----+--------+
         Total |   3587 |   3499 |     88 |    281 |   2552 |   5 |  717.4 |
       Dungeon |   3587 |   3499 |     88 |    281 |   2552 |   5 |  717.4 |
               +--------+--------+--------+--------+--------+-----+--------+

Top non-repeatable levels by time:
     D:2: 931 daAuts
     D:4: 916 daAuts
     D:1: 836 daAuts
     D:3: 779 daAuts
     D:5: 123 daAuts
